 Dungeon Crawl Stone Soup version 0.30-a0-585-g93115170b9 (webtiles) character file.

Game seed: 2047698907239358911

22 Newt the Ducker (level 2, 0/23 HPs)
             Began as a Demonspawn Gladiator on Jan 2, 2023.
             Slain by an orc
             ... wielding a +0 club
              (1 damage)
             ... on level 2 of the Dungeon.
             The game lasted 00:00:41 (621 turns).

Newt the Ducker (Demonspawn Gladiator)               Turns: 621, Time: 00:00:41

Health: 0/23       AC:  4    Str: 14    XL:     2   Next: 68%
Magic:  2/2        EV: 12    Int:  9    God:
Gold:   18         SH:  0    Dex: 14    Spells: 1/1 levels left

rFire   . . .      SeeInvis .    a - +0 rapier
rCold   . . .      Faith    .    (no shield)
rNeg    . . .      Spirit   .    b - +0 leather armour
rPois   .          Reflect  .    c - +0 helmet
rElec   .          Harm     .    (no cloak)
rCorr   .          Rampage  .    (no gloves)
Will    .....                    (no boots)
Stlth   ++                       (no amulet)
HPRegen 0.23/turn                (no ring)
MPRegen 0.08/turn                (no ring)

@: attractive
A: powered by death 1
a: no special abilities


You were on level 2 of the Dungeon.
You visited 1 branch of the dungeon, and saw 2 of its levels.

You collected 18 gold pieces.

Inventory:

Hand Weapons
 a - a +0 rapier (weapon)
Missiles
 d - 3 throwing nets (quivered)
Armour
 b - a +0 leather armour (worn)
 c - a +0 helmet (worn)
Scrolls
 h - a scroll of poison {unknown}
 j - 2 scrolls of amnesia {unknown}
 k - a scroll of noise {unknown}
 l - a scroll of fog {unknown}
 m - a scroll of butterflies {unknown}
Potions
 n - a potion of haste {unknown}


   Skills:
 + Level 2.4 Fighting
 - Level 2.6 Short Blades
 - Level 1.7 Throwing
 - Level 2.6 Dodging
 - Level 2.0 Stealth


You had one spell level left.
You didn't know any spells.
Your spell library contained the following spells:

 Spells                   Type           Power      Damage    Failure   Level
 Scorch                   Fire           0%         2d5       61%         2
 Flame Wave               Conj/Fire      0%         2d4       99%         4
 Summon Cactus Giant      Summ           0%         N/A       100%        6


Dungeon Overview and Level Annotations

Branches:
Dungeon (1/15)

Altars:


Innate Abilities, Weirdness & Mutations

You regenerate a little health from kills.


Message History

You hit the orc.
The orc is lightly wounded.
The orc hits you with a +0 club.
You hit the orc.
The orc is almost dead.
The orc closely misses you.
The orc priest shouts!
You hit the orc but do no damage.
The orc is almost dead.
The orc hits you but does no damage.
You closely miss the orc.
The orc is almost dead.
The orc hits you with a +0 club.
The orc priest calls down the wrath of Beogh upon you.
Beogh smites you!
* * * LOW HITPOINT WARNING * * *
The orc closely misses you.
Throw: javelin
Press: ? - help, Shift-Dir - straight line, f - orc priest
Aim: an orc priest, wielding a +0 club (59% to hit)
You throw a javelin. The javelin barely misses the orc.
The javelin pierces through the orc.
The orc is heavily wounded.
The javelin closely misses the orc priest.
The orc hits you with a +0 club.
* * * LOW HITPOINT WARNING * * *
It was a potion of magic.
Magic courses through your body. The orc hits you with a +0 club.
* * * LOW HITPOINT WARNING * * *
It was a potion of attraction.
You feel attractive to monsters.
A frilled lizard comes into view.
The orc barely misses you.
The frilled lizard is attracted toward you.
It was a potion of cancellation.
Your magical effects are unravelling.
You feel magically purged.
The orc priest begins to cast a cantrip, but forgets the words!
The orc hits you with a +0 club.
You die...

.......
.o.....
.o.....##
........#
#†# #l##
##(.###
#...oo#####
#...#oo@..#
#...#####.#
#...# #.###
#...# #...#
##### ###.#
#.# ####.##
#.....#
#.....#


You could see an orc priest, 3 orcs and a frilled lizard (wandering).

Vanquished Creatures
  An adder (D:2)
  A bat (D:2)
  An endoplasm (D:1)
  2 giant cockroaches (D:1)
  A goblin (D:1)
  3 hobgoblins (D:1)
  2 frilled lizards (D:1)
  A rat (D:1)
12 creatures vanquished.

Notes
Turn   | Place    | Note
-------+----------+-------------------------------------------
     0 | D:1      | Newt the Demonspawn Gladiator began the quest for the Orb.
     0 | D:1      | Reached XP level 1. HP: 16/16 MP: 1/1
   132 | D:1      | Reached skill level 1 in Stealth
   261 | D:1      | Gained mutation: You regenerate a little health from kills.
                  | [demonic ancestry]
   261 | D:1      | Reached XP level 2. HP: 22/22 MP: 2/2
   537 | D:1      | You fall into a shaft and drop 1 floor!
   619 | D:2      | HP: 1/23 [orc/+0 club (2)]
   621 | D:2      | Slain by an orc

Illustrated notes

Levels and vault maps discovered:
D:1:      eino_arrival_cavern_c, layout_basic,
          shapermc_ecumenical_altar_rom_forum, nrook_mini_backslash
D:2:      layout_basic, serial_shops, shop_statue

Skill      XL: |  1  2 |
---------------+-------+-----
Stealth        | 1 2 |  2.0
Fighting       | |  2.4
Short Blades   | |  2.6
Throwing       | |  1.7
Dodging        | |  2.6

Action                   || total
-------------------------++-------
Melee: Rapier            ||    48
Throw: Javelin           ||     1
  Use: Potion            ||     3
 Stab: Sleeping          ||     1
Armor: Leather armour    ||    11
Dodge: Dodged            ||    33

Table legend: (Time is in decaauts)
 A = Elapsed time spent in this place.
 B = Non-inter-level travel time spent in this place.
 C = Inter-level travel time spent in this place.
 D = Time resting spent in this place.
 E = Time spent auto-exploring this place.
 F = Levels seen in this place.
 G = Mean time per level.
                   A        B        C        D        E       F      G
               +--------+--------+--------+--------+--------+-----+--------+
         Total |    624 |    624 |      0 |      0 |    508 |   2 |  312.0 |
       Dungeon |    624 |    624 |      0 |      0 |    508 |   2 |  312.0 |
               +--------+--------+--------+--------+--------+-----+--------+

Top non-repeatable levels by time:
     D:1: 539 daAuts
     D:2: 85 daAuts
